 Dungeon Crawl Stone Soup version 0.20.0-8-g6b59dc7 (webtiles) character file.

97 Monsterracer the Conjurer (level 4, 0/24 HPs)
             Began as a Deep Elf Conjurer on May 31, 2017.
             Succumbed to an adder's poison
             ... on level 3 of the Dungeon.
             The game lasted 00:03:11 (1479 turns).

Monsterracer the Conjurer (Deep Elf Conjurer)       Turns: 1479, Time: 00:03:11

Health: 0/24       AC:  8    Str:  5    XL:     4   Next: 42%
Magic:  9/12       EV: 13    Int: 21    God:
Gold:   57         SH:  0    Dex: 15    Spells: 8/11 levels left

rFire    . . .     SeeInvis +   (no weapon)
rCold    . . .     Gourm    .   (no shield)
rNeg     + . .     Faith    .   a - +0 robe
rPois    .         Spirit   .   (no helmet)
rElec    .         Reflect  .   f - +2 cloak
rCorr    .         Harm     .   h - +0 pair of gloves
MR       .....                  (no boots)
Stlth    +++.......             (no amulet)
Regen    0.1/turn               e - ring of stealth
MPRegen  0.2/turn               i - ring of positive energy

@: lethally poisoned (0 -> -4)
A: yellow scales 1, see invisible
a: no special abilities


You were on level 3 of the Dungeon.
You were near starving.

You visited 1 branch of the dungeon, and saw 3 of its levels.

You collected 57 gold pieces.

Inventory:

Armour
 a - a +0 robe (worn)
 f - a +2 cloak (worn)
 g - a cursed +0 ring mail
 h - a +0 pair of gloves (worn)
Jewellery
 e - a ring of stealth (left hand)
 i - a ring of positive energy (right hand)
Scrolls
 d - 2 scrolls of remove curse {unknown}
 k - a scroll of identify {unknown}
 l - 3 scrolls of immolation {unknown}
 m - a scroll of amnesia {unknown}
Potions
 j - a potion of brilliance
Books
 b - a book of Conjurations

   Spells                             Type                      Level
   a - Magic Dart                     Conjuration                  1
   b - Searing Ray                    Conjuration                  2
   c - Dazzling Spray                 Conjuration/Hexes            3
   d - Fulminant Prism                Conjuration/Hexes            4
   e - Force Lance                    Conjuration/Translocation    4
   f - Iskenderun's Mystic Blast      Conjuration                  4
Comestibles
 c - 2 bread rations


   Skills:
 - Level 2.4 Dodging
 - Level 2.4 Stealth
 + Level 4.4 Spellcasting
 * Level 5.9 Conjurations


You had 8 spell levels left.
You knew the following spells:

 Your Spells              Type           Power        Failure   Level  Hunger
a - Magic Dart            Conj           ####         1%          1    None
b - Searing Ray           Conj           ####..       1%          2    #......


Dungeon Overview and Level Annotations

Branches:
Dungeon (3/15)

Altars:


Innate Abilities, Weirdness & Mutations

You are partially covered in yellow scales. (AC +2)
You have supernaturally acute eyesight. (SInv)


Message History

You feel sick.
There is a stone staircase leading up, spattered with blood here.
Things that are here:
a leather armour; a short sword
* * * LOW HITPOINT WARNING * * *
You feel sick.
There is a stone staircase leading up, spattered with blood here.
Things that are here:
a leather armour; a short sword
* * * LOW HITPOINT WARNING * * *
You feel sick.
There is a stone staircase leading up, spattered with blood here.
Things that are here:
a leather armour; a short sword
Items here: )) [ † a robe; a dagger; a club; an orc corpse
Things that are here:
a leather armour; a short sword You are near starving!
You die...

## #####.##
##......#
.........
........#########
........../......
.......@[<#######
.........%..$#
$#...##...##.#
#.. ##.## # >..
#.# ## ... ####


There were no monsters in sight!

Vanquished Creatures
  An orc wizard (D:3)
  An adder (D:3)
  6 dart slugs
  2 leopard geckos
  3 orcs
  A bat (D:2)
  2 giant cockroaches (D:2)
  7 goblins
  9 hobgoblins
  A quokka (D:2)
  4 frilled lizards
  A kobold (D:2)
  2 rats (D:2)
40 creatures vanquished.

Vanquished Creatures (others)
  5 toadstools (D:1)
5 creatures vanquished.

Grand Total: 45 creatures vanquished

Notes
Turn   | Place    | Note
-------+----------+-------------------------------------------
     0 | D:1      | Monsterracer the Deep Elf Conjurer began the quest for the Orb.
     0 | D:1      | Reached XP level 1. HP: 10/10 MP: 6/6
   290 | D:1      | Reached XP level 2. HP: 13/15 MP: 4/8
   294 | D:1      | Learned a level 2 spell: Searing Ray
   591 | D:2      | Reached skill level 5 in Conjurations
   737 | D:2      | Reached XP level 3. HP: 16/19 MP: 0/10
  1091 | D:2      | Gained mutation: You have supernaturally acute eyesight. (SInv) [potion of mutation]
  1091 | D:2      | Gained mutation: You are partially covered in yellow scales. (AC +2) [potion of mutation]
  1373 | D:3      | Reached XP level 4. HP: 20/24 MP: 7/12
  1475 | D:3      | HP: 1/24 [poisoned by an adder]
  1479 | D:3      | Succumbed to an adder's poison

Skill      XL: |  1  2  3 |
---------------+----------+-----
Conjurations   | 5 |  5.9
Spellcasting   | 4 |  4.4
Dodging        | |  2.4
Stealth        | |  2.4

Action                   |  1- 3 |  4- 6 || total
-------------------------+-------+-------++-------
 Cast: Magic Dart        |    78 |     6 ||    84
       Searing Ray       |     1 |     1 ||     2
  Use: Potion            |     5 |       ||     5
Armor: Robe              |     2 |     4 ||     6
Dodge: Dodged            |     7 |     7 ||    14
